 Dungeon Crawl Stone Soup version 0.30.1-8-g117510f58f (webtiles) character file.

Game seed: 15885478267342771288

25797 monsoonserge the Grappler (level 12, -1/123 HPs)
             Began as a Troll Fighter on Sept 23, 2023.
             Was an Elder of Wu Jian.
             Slain by a troll (3 damage)
             ... on level 12 of the Dungeon.
             The game lasted 00:38:10 (10349 turns).

monsoonserge the Grappler (Troll Fighter)          Turns: 10349, Time: 00:38:11

Health: -1/123     AC:  0    Str: 26    XL:     12   Next: 92%
Magic:  11/11      EV: 17    Int:  7    God:    Wu Jian [****..]
Gold:   1338       SH:  5    Dex: 13    Spells: 11/11 levels left

rFire   . .          .
                       - Unarmed
rCold   . . .        b - melded +0 kite shield
rNeg    . . .        i - melded +0 acid dragon scales
rPois   .            (helmet currently unavailable)
rElec   .            A - melded +0 cloak
rCorr   .            (gloves unavailable)
SInv    .            (boots unavailable)
Will    .....        x - amulet of reflection
Stlth   +            s - melded +6 ring of strength
HPRegen 1.20/turn    a - melded +5 ring of evasion
MPRegen 0.12/turn

%: reflection
@: mighty, pig-form, slowed
A: fast, no casting, small, unfitting armour, (claws 3), regeneration 1, (shaggy
fur 1), (tough skin 1), agile 1, (poison resistance)
a: Renounce Religion, Wall Jump, Serpent's Lash


You were on level 12 of the Dungeon.
You worshipped Wu Jian.
Wu Jian was greatly pleased with you.
You were a filthy swine.
You visited 3 branches of the dungeon, and saw 14 of its levels.
You also visited: Volcano.

You collected 1390 gold pieces.
You spent 52 gold pieces at shops.

Inventory:

Hand Weapons
 g - a +1 shortbow of flaming
Missiles
 p - 3 throwing nets
 z - 2 javelins
 B - 14 boomerangs
 C - 24 poisoned darts (quivered)
 J - 8 large rocks
 N - 7 curare-tipped darts
Armour
 b - a +0 kite shield (melded)
 i - +0 acid dragon scales (melded)
 j - +0 fire dragon scales
 A - a +0 cloak (melded)
 K - +0 steam dragon scales
Jewellery
 a - a +5 ring of evasion (melded)
 q - a ring of poison resistance
 r - a ring of positive energy
 s - a +6 ring of strength (melded)
 x - an amulet of reflection (around neck)
 G - a ring of wizardry
 O - a ring of positive energy
Wands
 E - a wand of light (14)
 F - a wand of digging (5)
 H - a wand of paralysis (15)
Scrolls
 c - 3 scrolls of enchant weapon
 e - a scroll of fog
 f - 3 scrolls of amnesia
 k - 3 scrolls of blinking
 l - a scroll of immolation
 m - a scroll of identify
 u - 3 scrolls of summoning
 w - 3 scrolls of fear
 y - 5 scrolls of teleportation {unknown}
 L - 2 scrolls of poison
 M - a scroll of magic mapping {unknown}
 S - a scroll of brand weapon {unknown}
 T - 2 scrolls of vulnerability {unknown}
Potions
 d - 6 potions of mutation
 h - 3 potions of brilliance
 n - 3 potions of curing
 o - a potion of ambrosia {unknown}
 t - 3 potions of magic {unknown}
 v - 4 potions of lignification {unknown}
 D - 3 potions of flight {unknown}
 I - a potion of cancellation {unknown}
 Q - a potion of berserk rage {unknown}
 R - a potion of attraction {unknown}
Miscellaneous
 U - a condenser vane (inert)


   Skills:
 + Level 9.2 Fighting
 + Level 6.9 Dodging
 + Level 10.0 Shields
 * Level 14.7 Unarmed Combat


You had 11 spell levels left.
You didn't know any spells.
Your spell library contained the following spells:

 Spells                   Type           Power      Damage    Failure   Level
 Freeze                   Ice            0%         1d3       43%         1
 Sandblast                Erth           0%         2d4       43%         1
 Ensorcelled Hibernation  Hex/Ice        0%         N/A       56%         2
 Passwall                 Tmut/Erth      0%         N/A       56%         2
 Call Canine Familiar     Summ           0%         N/A       80%         3
 Frozen Ramparts          Ice            0%         1d1       80%         3
 Hailstorm                Conj/Ice       0%         3d3       80%         3
 Portal Projectile        Hex/Tloc       0%         N/A       80%         3
 Stone Arrow              Conj/Erth      0%         3d7       80%         3
 Swiftness                Air            0%         N/A       80%         3
 Leda's Liquefaction      Hex/Erth       0%         N/A       99%         4
 Lee's Rapid Deconstruct  Erth           0%         3d4*      100%        5
 Statue Form              Tmut/Erth      0%         N/A       100%        6
 Chain Lightning          Conj/Air       0%         N/A       100%        9
 Fire Storm               Conj/Fire      0%         5d1       100%        9
 Shatter                  Erth           0%         3d5*      100%        9


Dungeon Overview and Level Annotations

Branches:
Dungeon (12/15)            Temple (1/1) D:7            Lair (1/5) D:9
    Orc (0/2) D:12        Volcano (visited)

Altars:
Ashenzari
Cheibriados
Dithmenos
Elyvilon
Fedhas
Gozag
Hepliaklqana
Kikubaaqudgha
Makhleb
Nemelex Xobeh
Okawaru
Qazlal
Ru
Sif Muna
Trog
Uskayaw
Vehumet
Wu Jian
Xom
Yredelemnul
Zin
The Shining One

Shops:
D:9 !

Portals:
Trove: D:11 (give 8 potions of haste)

Annotations:
D:12 Kirke


Innate Abilities, Weirdness & Mutations

You are a filthy swine.
You move quickly.
Your equipment is almost entirely melded.
You are incapable of wielding weapons or throwing items.
You cannot cast spells.
You are too large for most types of armour.
((You have claws for hands.))
Your natural rate of healing is unusually fast.
((You are covered in fur. (AC +1)))
((You have tough skin. (AC +1)))
You are agile. (Dex +4, Str/Int -1)
((Your system is resistant to poisons. (rPois)))


Message History

The sphinx closely misses you. The troll misses you. x2
You block the troll's attack. Something hits you.
* * * LOW HITPOINT WARNING * * *
The sphinx mumbles some strange words.
You feel yourself slow down.
Unknown command.
Okay, then.
You feel very mighty all of a sudden. Something hits you.
* * * LOW HITPOINT WARNING * * *
The sphinx barely misses you. You block the sphinx's attack.
The sphinx completely misses you.
The sphinx casts a spell.
You are confused.
The troll closely misses you. The troll misses you.
The troll barely misses you.
You hear some strange, mumbled words.
You turn into a filthy swine.
Your +0 cloak melds into your body.
Your +0 kite shield melds into your body.
Your +0 acid dragon scales melds into your body.
Your +6 ring of strength melds into your body.
Your +5 ring of evasion melds into your body.
You feel weaker. The sphinx closely misses you. The sphinx hits you.
* * * LOW HITPOINT WARNING * * *
The sphinx barely misses you. Something hits you!
* * * LOW HITPOINT WARNING * * *
You are confused.
You are mighty.
You are a filthy swine.
You are slowed.
Your movement speed is average.
Your attack delay is about 1.1.
Your damage rating with unarmed combat is about 11 (Base [7 + 0 (UC)] x 140% (Str) x 115% (Fight)).
Your base attributes are Str 27, Int 8, Dex 9.
Okay, then.
Okay, then.
You feel better. Something barely misses you. You block something's attack.
You hear some strange, mumbled words.
You feel as though you will be slow longer.
The troll bites you!
* * * LOW HITPOINT WARNING * * *
The troll claws you.
You die...

.....................>..........
................................
...#################^...........
...# #............
...#################...†........
................................
................§...............
#...########.☼..................
#...# #...Hh...............
#...########...T{H§.............
...............§h...............
................................
##############.################.
.. ............... ....
............... ......
..........##### #####.
..........#


You could see 2 sphinxes, a troll and a hog.

Vanquished Creatures
  Erolcha (D:11)
  A boulder beetle (Lair:1)
  3 two-headed ogres
  Sonja (D:10)
  A salamander mystic (Volcano)
  A hell knight (Volcano)
  Lodul (D:12)
  Pikel (D:8)
  2 cyclopes
  4 oklob plants (D:11)
  4 salamanders (Volcano)
  2 molten gargoyles (Volcano)
  3 gargoyles
  A black mamba (Lair:1)
  Maggie (D:8)
  3 komodo dragons
  4 trolls
  3 wyverns
  3 wraiths
  25 yaks
  2 fire bats (Volcano)
  5 hogs (D:12)
  4 vampire mosquitoes (D:12)
  A steam dragon (D:8)
  2 acid dragons
  2 water moccasins
  A floating eye (D:11)
  Duvessa (D:4)
  6 orc warriors
  A sky beast (D:8)
  2 ice beasts
  2 black bears
  8 ogres
  12 wolves (Lair:1)
  6 centaurs
  4 lemures (D:8)
  3 phantoms
  2 kobold brigands
  6 bullfrogs
  2 scorpions
  2 gnoll sergeants
  Dowan (D:4)
  15 killer bees
  4 howler monkeys
  3 lava snakes (Volcano)
  3 jellies
  7 hounds
  8 orc priests
  A gnoll bouda (D:7)
  Jessica (D:2)
  4 iguanas
  A sleepcap (D:7)
  11 orc wizards
  17 gnolls
  9 adders
  2 white imps
  2 ufetubi
  4 worms
  5 dart slugs
  42 orcs
  9 endoplasms
  A giant cockroach (D:4)
  8 hobgoblins
  3 jackals (D:1)
  4 quokkas
  5 ball pythons
  2 bats
  A frilled lizard (D:1)
  7 goblins
  15 kobolds
334 creatures vanquished.

Notes
Turn   | Place    | Note
-------+----------+-------------------------------------------
     0 | D:1      | monsoonserge the Troll Fighter began the quest for the Orb.
     0 | D:1      | Reached XP level 1. HP: 22/22 MP: 0/0
   114 | D:1      | Reached XP level 2. HP: 29/29 MP: 1/1
   267 | D:1      | Reached XP level 3. HP: 36/36 MP: 2/2
   376 | D:2      | Noticed Jessica
   576 | D:2      | Reached skill level 3 in Unarmed Combat
   582 | D:2      | Reached XP level 4. HP: 44/44 MP: 3/3
   658 | D:2      | Identified the +8 chain mail of the Everdark {rElec Regen+}
   661 | D:2      | Killed Jessica
  1048 | D:3      | Found an opulent altar of Gozag.
  1048 | D:3      | Found a shadowy altar of Dithmenos.
  1090 | D:3      | Found a radiant altar of Vehumet.
  1626 | D:4      | Reached XP level 5. HP: 53/53 MP: 4/4
  1639 | D:4      | Noticed Dowan
  1639 | D:4      | Noticed Duvessa
  1648 | D:4      | Killed Duvessa
  1649 | D:4      | Reached skill level 4 in Unarmed Combat
  1653 | D:4      | Killed Dowan
  1654 | D:4      | Reached XP level 6. HP: 56/61 MP: 5/5
  1790 | D:4      | Identified the +0 hand axe of the Lovers {freeze, *Noise
                  | Fly rN+}
  1809 | D:4      | Found a broken altar of Ashenzari.
  1845 | D:4      | Reached skill level 5 in Unarmed Combat
  2023 | D:4      | Found a sparkling altar of Nemelex Xobeh.
  2321 | D:5      | Entered Level 5 of the Dungeon
  2427 | D:5      | Reached XP level 7. HP: 32/68 MP: 6/6
  2596 | D:5      | Reached skill level 6 in Unarmed Combat
  2671 | D:5      | Found a white marble altar of Elyvilon.
  2867 | D:6      | Noticed a wyvern
  2895 | D:5      | Killed a wyvern
  2896 | D:5      | Reached XP level 8. HP: 54/79 MP: 7/7
  2904 | D:5      | Reached skill level 5 in Shields
  2927 | D:6      | Reached skill level 7 in Unarmed Combat
  2977 | D:6      | Noticed a gargoyle
  3045 | D:6      | Reached skill level 5 in Fighting
  3083 | D:6      | Reached skill level 8 in Unarmed Combat
  3157 | D:6      | Killed a gargoyle
  3158 | D:6      | Reached XP level 9. HP: 39/88 MP: 8/8
  3625 | D:6      | Reached skill level 9 in Unarmed Combat
  3864 | D:6      | Found a sacrificial altar of Ru.
  4208 | D:7      | Noticed a cyclops
  4215 | D:7      | Killed a cyclops
  4377 | D:7      | Found a basalt altar of Yredelemnul.
  4430 | D:7      | Found a staircase to the Ecumenical Temple.
  4439 | Temple   | Entered the Ecumenical Temple
  4481 | Temple   | Became a worshipper of the Wu Jian Council
  4807 | D:7      | Reached skill level 10 in Unarmed Combat
  5270 | D:8      | Noticed Pikel
  5396 | D:8      | Reached XP level 10. HP: 89/100 MP: 9/9
  5464 | D:8      | Killed Pikel
  5658 | D:8      | Noticed Maggie
  5668 | D:8      | Killed Maggie
  6005 | D:9      | Noticed a two-headed ogre
  6024 | D:9      | Killed a two-headed ogre
  6025 | D:9      | Reached skill level 11 in Unarmed Combat
  6027 | D:9      | Reached * piety under Wu Jian
  6160 | D:9      | Found a glowing golden altar of the Shining One.
  6329 | D:9      | Noticed a two-headed ogre
  6335 | D:9      | Killed a two-headed ogre
  6351 | D:9      | Found an iron altar of Okawaru.
  6494 | D:9      | Found a staircase to the Lair.
  6530 | D:9      | Found Kyfeesoch's Distillery.
  6537 | D:9      | Bought a potion of degeneration for 13 gold pieces
  6537 | D:9      | Bought a potion of curing for 39 gold pieces
  6578 | D:9      | Reached XP level 11. HP: 109/109 MP: 10/10
  6828 | D:10     | Entered Level 10 of the Dungeon
  6828 | D:10     | Found a snail-covered altar of Cheibriados.
  6847 | D:10     | Reached ** piety under Wu Jian
  6854 | D:10     | Reached skill level 12 in Unarmed Combat
  7000 | D:10     | Noticed Sonja
  7005 | D:10     | Killed Sonja
  7084 | Lair:1   | Entered Level 1 of the Lair of Beasts
  7234 | Lair:1   | Identified the +7 glaive of Acosug {venom, *Noise Int+4}
  7275 | Lair:1   | Reached skill level 5 in Dodging
  7286 | Lair:1   | Noticed a boulder beetle
  7298 | Lair:1   | Killed a boulder beetle
  7370 | Lair:1   | Found a dark tunnel.
  7381 | Volcano  | Entered a volcano
  7675 | Volcano  | Found a bloodstained altar of Trog.
  7675 | Volcano  | Noticed a salamander mystic
  7684 | Volcano  | Gained mutation: You have a pair of small horns on your
                  | head. [potion of mutation]
  7684 | Volcano  | Lost mutation: You have a pair of small horns on your head.
                  | [potion of mutation]
  7684 | Volcano  | Gained mutation: You are agile. (Dex +4, Str/Int -1)
                  | [potion of mutation]
  7684 | Volcano  | Gained mutation: Your system is resistant to poisons.
                  | (rPois) [potion of mutation]
  7730 | Volcano  | Reached *** piety under Wu Jian
  7740 | Volcano  | Reached skill level 13 in Unarmed Combat
  7743 | Volcano  | Killed a salamander mystic
  7935 | Volcano  | Noticed a hell knight
  7942 | Volcano  | Killed a hell knight
  7943 | Volcano  | Reached XP level 12. HP: 101/122 MP: 11/11
  8114 | Lair:1   | Identified the +1 war axe of Falyosof {antimagic, +Blink
                  | Will++ Str+2 Dex-5}
  8851 | D:11     | Noticed Erolcha
  8856 | D:11     | Killed Erolcha
  8905 | D:11     | Found a portal to a secret trove of treasure.
  9412 | D:11     | Reached skill level 14 in Unarmed Combat
 10012 | D:12     | Found a staircase to the Orcish Mines.
 10026 | D:12     | Noticed a two-headed ogre
 10033 | D:12     | Killed a two-headed ogre
 10057 | D:12     | Noticed Lodul
 10060 | D:12     | Reached **** piety under Wu Jian
 10062 | D:12     | Killed Lodul
 10194 | D:12     | Identified the +0 chain mail of Dyiff {rC+}
 10219 | D:12     | Found a shimmering blue altar of Sif Muna.
 10268 | D:12     | Reached skill level 10 in Shields
 10327 | D:12     | Noticed Kirke
 10340 | D:12     | Noticed a sphinx
 10347 | D:12     | Noticed a sphinx
 10349 | D:12     | HP: 2/123 [troll (15)]
 10349 | D:12     | Slain by a troll

Illustrated notes

Levels and vault maps discovered:
D:1:      erik_arrival_triangle_small, layout_rooms, minmay_pentomino_s4
D:2:      layout_rooms, uniq_jessica
D:3:      layout_loops_ring, gammafunk_temple_overflow_wave, lemuel_tele_altar
D:4:      layout_cave_pools, general_overflow_altar, nemelex_spade_bored_becter,
          nrook_campfire, minmay_misc_feat_square, dk_noncrumbling_2,
          uniq_duvessa
D:5:      layout_rooms, kennysheep_little_box
D:6:      cheibrodos_fzero, layout_layer_cave, nicolae_ru_path_of_blood
D:7:      layout_loops_ring, nicolae_overflow_crystal_walls,
          minmay_temple_entry_mist
D:8:      layout_cave_pods, uniq_maggie, uniq_pikel
D:9:      layout_irregular_city, tso_oasis_becter, okawaru_altar_gauntlet_db,
          david_lair_shrubbed, serial_shops, nicolae_shop_industrial_runoff
D:10:     layout_rooms, slow_altar_1, uniq_sonja
D:11:     layout_loops_corners, enter_trove_1, disabler_island, uniq_erolcha
D:12:     layout_long_grid, orc_0_dummy, nicolae_sif_muna_condensation,
          uniq_kirke, uniq_lodul
Temple:   grunt_temple_mini_profane
Lair:1:   layout_chaotic_city, nicolae_volcano_entry_hallway,
          pdpol_lair_neglected_garden, grunt_megastairs_2, lemuel_fruit_tree

Skill      XL: |  1  2  3  4  5  6  7  8  9 10 11 12 |
---------------+-------------------------------------+-----
Shields        | 3 4 6 7 8 9 10 | 10.0
Unarmed Combat | 3 4 5 6 8 10 11 13 14 | 14.7
Fighting       | 3 4 5 6 7 8 9 |  9.2
Dodging        | 4 5 6 |  6.9

Action                     |  1- 3 |  4- 6 |  7- 9 | 10-12 || total
---------------------------+-------+-------+-------+-------++-------
  Melee: Unarmed           |    97 |   145 |   300 |   699 ||  1241
  Throw: Boomerang         |       |       |       |     3 ||     3
         Dart              |       |       |       |     2 ||     2
         Javelin           |       |       |       |     2 ||     2
 Invoke: Serpent's Lash    |       |       |       |     1 ||     1
Ability: Lunge             |       |       |     8 |    68 ||    76
         Whirlwind         |       |       |       |   222 ||   222
  Evoke: Wand              |       |       |       |     2 ||     2
         Condenser vane    |       |       |       |     1 ||     1
    Use: Potion            |       |     1 |     2 |     7 ||    10
         Scroll            |       |       |       |     9 ||     9
   Stab: Invisible         |       |       |       |     1 ||     1
         Distracted        |       |       |       |     1 ||     1
 Armour: Robe              |    34 |    37 |    61 |     1 ||   133
         Steam dragon scal |       |       |       |    42 ||    42
         Acid dragon scale |       |       |       |    18 ||    18
  Dodge: Dodged            |    37 |    49 |    95 |   204 ||   385
  Block: Kite shield       |    31 |    69 |   209 |   357 ||   666
         Reflection        |       |       |    13 |    24 ||    37
         Other             |       |       |       |     1 ||     1
